 Dungeon Crawl Stone Soup version 0.23-a0-565-g3e74e4c (webtiles) character file.

201 Leeroy the Charmwright (level 5, -1/43 HPs)
             Began as a Gnoll Skald on Dec 13, 2018.
             Slain by Menkaure (18 damage)
             ... on level 3 of the Dungeon.
             The game lasted 00:10:19 (2789 turns).

Leeroy the Charmwright (Gnoll Skald)                Turns: 2789, Time: 00:10:20

Health: -1/43      AC:  3    Str: 14    XL:     5   Next: 79%
Magic:  1/12       EV: 14    Int: 16    God:
Gold:   77         SH:  0    Dex: 14    Spells: 3/14 levels left

rFire    . . .     SeeInvis .   H - +1 dagger (speed)
rCold    . . .     Gourm    .   (no shield)
rNeg     . . .     Faith    .   b - +0 leather armour
rPois    .         Spirit   .   (no helmet)
rElec    .         Reflect  .   (no cloak)
rCorr    .         Harm     .   (no gloves)
MR       .....                  (no boots)
Stlth    ++........             (no amulet)
HPRegen  1.14/turn              (no ring)
MPRegen  0.13/turn              (no ring)

@: regenerating
A: distributed training, fangs 1, strong nose
a: no special abilities


You were on level 3 of the Dungeon.
You were hungry.

You visited 1 branch of the dungeon, and saw 4 of its levels.

You collected 77 gold pieces.

Inventory:

Hand Weapons
 a - a +0 falchion
 m - a +0 short sword
 q - a +0 club
 u - a +0 spear
 C - a +0 war axe
 H - a +1 dagger of speed (weapon)
Missiles
 n - 18 arrows
 r - 113 stones (quivered)
 w - 9 poisoned needles
 D - 2 tomahawks
 E - 3 needles of frenzy
 F - 4 needles of confusion
 G - 22 bolts
Armour
 b - a +0 leather armour (worn)
 j - a +0 scale mail
 s - a cursed +0 robe
 t - a cursed +0 ring mail
Wands
 y - a wand of polymorph (5)
 B - a wand of enslavement (6)
Scrolls
 c - 2 scrolls of fog
 e - a scroll of blinking {unknown}
 i - a scroll of identify
 k - a scroll of magic mapping
 l - 2 scrolls of remove curse {unknown}
Potions
 f - a potion of brilliance {unknown}
 g - 2 potions of degeneration {unknown}
 h - 2 potions of cancellation {unknown}
 o - 2 potions of curing {unknown}
 p - 2 potions of haste {unknown}
 v - 2 potions of lignification {unknown}
 x - a potion of agility {unknown}
 z - a potion of heal wounds {unknown}
Comestibles
 d - 5 rations
 A - a chunk of flesh


   Skills:
 + Level 4.8 Fighting
 + Level 1.6 Short Blades
 + Level 4.8 Long Blades
 + Level 1.6 Axes
 + Level 1.6 Maces & Flails
 + Level 1.6 Polearms
 + Level 1.6 Staves
 + Level 1.6 Slings
 + Level 1.6 Bows
 + Level 1.6 Crossbows
 + Level 1.6 Throwing
 + Level 3.0 Armour
 + Level 4.8 Dodging
 + Level 1.6 Stealth
 + Level 1.6 Shields
 + Level 1.6 Unarmed Combat
 + Level 5.2 Spellcasting
 + Level 1.2 Conjurations
 + Level 1.2 Hexes
 + Level 5.5 Charms
 + Level 1.2 Summonings
 + Level 1.2 Necromancy
 + Level 1.2 Translocations
 + Level 1.2 Transmutations
 + Level 1.2 Fire Magic
 + Level 1.2 Ice Magic
 + Level 1.2 Air Magic
 + Level 1.2 Earth Magic
 + Level 1.2 Poison Magic
 + Level 1.8 Invocations
 + Level 1.6 Evocations


You had 3 spell levels left.
You knew the following spells:

 Your Spells              Type           Power        Failure   Level  Hunger
a - Infusion              Chrm           ###.         1%          1    None
b - Song of Slaying       Chrm           ###.....     2%          2    #......
c - Shroud of Golubria    Chrm/Tloc      ###.......   7%          2    #......
d - Regeneration          Chrm/Necr      ###.......   14%         3    ###....
e - Spectral Weapon       Hex/Chrm       ###.....     14%         3    ###....

Your spell library contained the following spells:

 Spells                   Type           Power        Failure   Level  Hunger


Dungeon Overview and Level Annotations

Branches:
Dungeon (4/15)
 Temple: D:4-7

Altars:
Fedhas
Ru
Trog
Zin

Annotations:
D:3 Menkaure


Innate Abilities, Weirdness & Mutations

Your experience applies equally to all skills.
You have very sharp teeth.
Your uncanny sense of smell can sniff out nearby items.


Message History

Menkaure gestures ominously.
Menkaure closely misses you.
There is a stone staircase leading up, spattered with blood here.
Menkaure hits you. The ooze closely misses you.
You climb upwards.
There is a stone staircase leading down here.
Casting: Regeneration (safe; 14% risk of failure)
Confirm with . or Enter, or press ? or * to list all spells.
Your skin crawls.
Your song has ended.
The ooze barely misses you.
Menkaure calls on the powers of darkness!
Your body is wracked with pain!
The ooze convulses!
Casting: Regeneration (safe; 14% risk of failure)
Confirm with . or Enter, or press ? or * to list all spells.
You draw out your weapon's spirit!
The ooze hits you. Menkaure misses you.
You hit Menkaure but do no damage. The ooze closely misses you.
You hit Menkaure but do no damage.
Your spectral weapon hits Menkaure.
Menkaure hits you!!
You die...

#.#......#....####...#####.
#.#.######....# #...# #.
#.#.# #.#### #...# ## #.#.#
#.# #...# #.#.# #.# #...#
#.#.######.## ####...##
#.#.........# #.......#
#.########(J###.......#####
#........M@......รท.........
###########.###.......#####
#.......#.......#
##......#.......#
###......#.......#
#....#####.......# #....#
#.......# #....# #########
#....#


You could see Menkaure, an ooze and a friendly spectral +1 dagger of speed.

Vanquished Creatures
  A hound (D:4)
  An orc wizard (D:3)
  Ijyb (D:3)
  5 adders
  2 worms
  3 orcs
  5 bats
  4 giant cockroaches
  4 goblins
  4 hobgoblins
  6 jackals
  9 kobolds
  2 quokkas (D:2)
  A frilled lizard (D:2)
  19 rats
67 creatures vanquished.

Notes
Turn   | Place    | Note
-------+----------+-------------------------------------------
     0 | D:1      | Leeroy the Gnoll Skald began the quest for the Orb.
     0 | D:1      | Reached XP level 1. HP: 20/20 MP: 6/6
   510 | D:1      | Reached XP level 2. HP: 25/26 MP: 4/7
   556 | D:1      | Learned a level 2 spell: Song of Slaying
   559 | D:1      | Learned a level 2 spell: Shroud of Golubria
   848 | D:2      | Found a bloodstained altar of Trog.
   856 | D:2      | Reached XP level 3. HP: 25/31 MP: 9/9
   950 | D:2      | Reached skill level 5 in Spellcasting
   959 | D:2      | Learned a level 3 spell: Regeneration
   963 | D:2      | Learned a level 3 spell: Spectral Weapon
  1125 | D:2      | Reached skill level 1 in Invocations
  1140 | D:2      | Reached skill level 1 in Short Blades
  1140 | D:2      | Reached skill level 1 in Axes
  1140 | D:2      | Reached skill level 1 in Maces & Flails
  1140 | D:2      | Reached skill level 1 in Polearms
  1140 | D:2      | Reached skill level 1 in Staves
  1140 | D:2      | Reached skill level 1 in Slings
  1140 | D:2      | Reached skill level 1 in Bows
  1140 | D:2      | Reached skill level 1 in Crossbows
  1140 | D:2      | Reached skill level 1 in Throwing
  1140 | D:2      | Reached skill level 1 in Stealth
  1140 | D:2      | Reached skill level 1 in Shields
  1140 | D:2      | Reached skill level 1 in Unarmed Combat
  1140 | D:2      | Reached skill level 1 in Evocations
  1178 | D:2      | Reached XP level 4. HP: 14/38 MP: 9/11
  1554 | D:2      | Found a glowing silver altar of Zin.
  1618 | D:2      | Found a blossoming altar of Fedhas.
  1618 | D:2      | Found a sacrificial altar of Ru.
  2077 | D:3      | Reached skill level 1 in Conjurations
  2077 | D:3      | Reached skill level 1 in Hexes
  2077 | D:3      | Reached skill level 1 in Summonings
  2077 | D:3      | Reached skill level 1 in Necromancy
  2077 | D:3      | Reached skill level 1 in Translocations
  2077 | D:3      | Reached skill level 1 in Transmutations
  2077 | D:3      | Reached skill level 1 in Fire Magic
  2077 | D:3      | Reached skill level 1 in Ice Magic
  2077 | D:3      | Reached skill level 1 in Air Magic
  2077 | D:3      | Reached skill level 1 in Earth Magic
  2077 | D:3      | Reached skill level 1 in Poison Magic
  2119 | D:3      | Noticed Ijyb
  2140 | D:3      | Killed Ijyb
  2140 | D:3      | Reached XP level 5. HP: 38/43 MP: 6/12
  2766 | D:4      | Noticed Menkaure
  2789 | D:3      | Slain by Menkaure

Vault maps used:
D:1:      erik_arrival_orb_chamber
D:2:      lemuel_round_altar, gammafunk_temple_overflow_wave, chequers_jeans,
          trog_three_pillars_becter
D:3:      uniq_ijyb
D:4:      nemelex_xobeh_ov_fountains_minmay, small_statue_alley_b, uniq_robin,
          uniq_menkaure, uniq_sigmund

Skill      XL: |  1  2  3  4  5 |
---------------+----------------+-----
Spellcasting   | 5 |  5.2
Invocations    | 1 |  1.8
Short Blades   | 1 |  1.6
Axes           | 1 |  1.6
Maces & Flails | 1 |  1.6
Polearms       | 1 |  1.6
Staves         | 1 |  1.6
Slings         | 1 |  1.6
Bows           | 1 |  1.6
Crossbows      | 1 |  1.6
Throwing       | 1 |  1.6
Stealth        | 1 |  1.6
Shields        | 1 |  1.6
Unarmed Combat | 1 |  1.6
Evocations     | 1 |  1.6
Conjurations   | 1 |  1.2
Hexes          | 1 |  1.2
Summonings     | 1 |  1.2
Necromancy     | 1 |  1.2
Translocations | 1 |  1.2
Transmutations | 1 |  1.2
Fire Magic     | 1 |  1.2
Ice Magic      | 1 |  1.2
Air Magic      | 1 |  1.2
Earth Magic    | 1 |  1.2
Poison Magic   | 1 |  1.2
Armour         | 3 |  3.0
Fighting       | |  4.8
Long Blades    | |  4.8
Dodging        | |  4.8
Charms         | |  5.5

Action                   |  1- 3 |  4- 6 || total
-------------------------+-------+-------++-------
Melee: Falchion          |    97 |    73 ||   170
       Bite              |     8 |     9 ||    17
       Punch             |       |     2 ||     2
       Short sword       |       |     3 ||     3
       Dagger            |       |     2 ||     2
Throw: Stone             |       |     1 ||     1
 Cast: Infusion          |     1 |       ||     1
       Regeneration      |     1 |     2 ||     3
       Song of Slaying   |     1 |     1 ||     2
       Shroud of Golubri |     1 |       ||     1
       Spectral Weapon   |       |     4 ||     4
  Use: Scroll            |       |     3 ||     3
 Stab: Sleeping          |     2 |     2 ||     4
  Eat: Chunk             |     1 |     5 ||     6
Armor: Leather armour    |    27 |    16 ||    43
Dodge: Dodged            |    72 |    78 ||   150
       Rpst.: Falchion   |    25 |    21 ||    46

Table legend:
 A = Non-vault XP
 B = Vault XP
 C = Vault XP percentage of total XP
 D = Non-vault monster count
 E = Vault monster count
 F = Vault count percentage of total count
                 A         B        C        D         E       F
            +---------+---------+-------+---------+---------+-------
      Total |     240 |      48 |  16.7 |      54 |      13 |  19.4
            +---------+---------+-------+---------+---------+-------
        D:1 |      13 |      12 |  48.0 |       9 |      12 |  57.1
        D:2 |      76 |       0 |   0.0 |      22 |       0 |   0.0
        D:3 |      99 |      36 |  26.7 |      19 |       1 |   5.0
        D:4 |      52 |       0 |   0.0 |       4 |       0 |   0.0
            +---------+---------+-------+---------+---------+-------
